 Dungeon Crawl Stone Soup version 0.31-a0-1570-g93c622d222 (webtiles) character file.

Game seed: 8692007102052554014

303 Atlas the Firebug (level 6, -4/41 HPs)
             Began as a Demonspawn Fire Elementalist on Jan 4, 2024.
             Slain by an ogre
             ... wielding a +0 giant club
              (27 damage)
             ... on level 4 of the Dungeon.
             The game lasted 00:05:29 (4179 turns).

Atlas the Firebug (Demonspawn Fire Elementalist)    Turns: 4179, Time: 00:05:31

Health: -4/41      AC:  5    Str:  8    XL:     6   Next: 15%
Magic:  2/11       EV: 11    Int: 24    God:
Gold:   175        SH:  0    Dex: 13    Spells: 9/12 levels left

rFire   . . .        a - staff of conjuration
rCold   . . .        (no shield)
rNeg    . . .        c - +1 leather armour {Will+}
rPois   .            p - +1 hat
rElec   .            (no cloak)
rCorr   .            (no gloves)
SInv    .            (no boots)
Will    +....        (no amulet)
Stlth   ++           i - +6 ring of intelligence
HPRegen 0.26/turn    u - ring of wizardry
MPRegen 0.12/turn

%: wizardry (x1)
@: no status effects
A: antennae 1, foul stench 1, powered by death 1
a: no special abilities


You were on level 4 of the Dungeon.
You visited 1 branch of the dungeon, and saw 4 of its levels.

You collected 175 gold pieces.

Inventory:

Missiles
 o - 4 datura-tipped darts
 q - 5 curare-tipped darts
Armour
 c - a +1 leather armour of willpower (worn)
 p - a +1 hat (worn)
Magical Staves
 a - a staff of conjuration (weapon)
Jewellery
 i - a +6 ring of intelligence (left hand)
 u - a ring of wizardry (right hand)
Talismans
 g - a dragon-blood talisman
Scrolls
 e - 2 scrolls of revelation {unknown}
 f - 2 scrolls of fear {unknown}
 h - a scroll of enchant armour {unknown}
 j - 2 scrolls of identify {unknown}
 m - 3 scrolls of teleportation {unknown}
 r - a scroll of poison {unknown}
Potions
 b - a potion of magic
 d - a potion of lignification {unknown}
 k - a potion of invisibility {unknown}
 l - a potion of attraction {unknown}
 n - a potion of cancellation {unknown}
 s - a potion of degeneration {unknown}
 t - a potion of heal wounds {unknown}
 v - a potion of haste {unknown}


   Skills:
 + Level 0.1 Staves
 + Level 1.1 Armour
 + Level 2.0 Dodging
 + Level 1.9 Stealth
 + Level 3.8 Spellcasting
 + Level 2.8 Conjurations
 + Level 4.2 Fire Magic


You had 9 spell levels left.
You knew the following spells:

 Your Spells              Type           Power      Damage    Failure   Level
a - Scorch                Fire           50%        2d7       1%          2
b - Foxfire               Conj/Fire      100%       2x1d9     1%          1

Your spell library contained the following spells:

 Spells                   Type           Power      Damage    Failure   Level
 Freeze                   Ice            16%        1d4       6%          1
 Inner Flame              Hex/Fire       14%        N/A       7%          3
 Volatile Blastmotes      Fire/Tloc      28%        2d12      7%          3
 Dazzling Flash           Conj/Hex       34%        N/A       10%         3
 Hailstorm                Conj/Ice       17%        3d6       10%         3
 Mephitic Cloud           Conj/Alch/Air  13%        N/A       12%         3
 Flame Wave               Conj/Fire      32%        2d9       13%         4
 Frozen Ramparts          Ice            8%         1d2       16%         3
 Passage of Golubria      Tloc           4%         N/A       45%         4
 Curse of Agony           Necr           4%         N/A       80%         5
 Silence                  Hex/Air        2%         N/A       80%         5
 Lehudib's Crystal Spear  Conj/Erth      8%         10d4      100%        8


Dungeon Overview and Level Annotations

Branches:
Dungeon (4/15)
 Temple: D:4-7

Altars:
Sif Muna

Shops:
D:2 =

Annotations:
D:4 1 transporter


Innate Abilities, Weirdness & Mutations

You have a pair of small antennae on your head.
You may rarely emit foul miasma when damaged in melee.
You regenerate a little health from kills.


Message History

An orc is nearby!
Casting: Scorch (safe; 1% risk of failure)
Confirm with . or Enter, or press ? or * to list all spells.
Flames lash the orc.
The orc is almost dead.
An ogre comes into view. It is wielding a +0 giant club.
Unknown command.
You feel a surge of power!
You conjure some foxfire!
The orc barely misses you.
The foxfire hits the ogre.
The ogre is lightly wounded.
You feel a surge of power!
You conjure some foxfire!
The foxfire hits the ogre!
The ogre is moderately wounded.
The orc hits you with a +0 falchion.
Casting: Foxfire (safe; 1% risk of failure)
Confirm with . or Enter, or press ? or * to list all spells.
Flames lash the orc.
The orc is burned terribly!
You kill the orc!
You hear a shout!
The foxfire hits the ogre!
The ogre is severely wounded.
The foxfire hits the ogre.
The ogre is almost dead.
An orc comes into view. It is wielding a +0 flail.
The ogre closely misses you.
Casting: Scorch (safe; 1% risk of failure)
Confirm with . or Enter, or press ? or * to list all spells.
Flames lash the orc.
The orc is severely wounded.
The orc's fire resistance burns away.
The ogre hits you with a +0 giant club!
You emit a cloud of foul miasma!
Unknown command.
You hit the ogre.
The ogre is almost dead.
You hit the orc but do no damage.
The orc is heavily wounded.
The orc hits you but does no damage.
The ogre is engulfed in dark miasma.
The ogre is poisoned.
The ogre hits you with a +0 giant club!!
Ouch! That really hurt!
You die...

#.....##........# #
#.○..○##.#.####.##.###
#....Y #.#.(.........#
###### #.######.##.#.#
#.#.........#
..#.#####.###.#
###...........#
########.######
#.....)@........
#.#####Oo#######
,....# ##.#.# #.#.#
#.#.# #.... ##. .


You could see an ogre (poisoned) and an orc (combustible).

Vanquished Creatures
  2 kobold brigands (D:3)
  A hound (D:4)
  Natasha (twice) (D:2)
  2 adders (D:2)
  2 ribbon worms
  A dart slug (D:2)
  2 orcs
  4 endoplasms
  3 giant cockroaches (D:1)
  3 goblins
  6 hobgoblins
  8 jackals
  3 quokkas
  5 ball pythons
  3 bats
  4 frilled lizards
  16 kobolds
  5 rats
72 creatures vanquished.

Vanquished Creatures (others)
  245 foxfires
245 creatures vanquished.

Grand Total: 317 creatures vanquished

Notes
Turn   | Place    | Note
-------+----------+-------------------------------------------
     0 | D:1      | Atlas the Demonspawn Fire Elementalist began the quest for
                  | the Orb.
     0 | D:1      | Reached XP level 1. HP: 13/13 MP: 3/3
   135 | D:1      | Found a faded altar of an unknown god.
   299 | D:1      | Reached skill level 3 in Fire Magic
   476 | D:1      | Gained mutation: You have a pair of small antennae on your
                  | head. [demonic ancestry]
   476 | D:1      | Reached XP level 2. HP: 19/19 MP: 0/5
  1468 | D:1      | Gained mutation: You regenerate a little health from kills.
                  | [demonic ancestry]
  1468 | D:1      | Reached XP level 3. HP: 24/24 MP: 1/6
  1472 | D:1      | Learned a level 2 spell: Scorch
  2198 | D:2      | Found Jemopo's Jewellery Boutique.
  2441 | D:2      | Noticed Natasha
  2445 | D:2      | Killed Natasha
  2446 | D:2      | Reached XP level 4. HP: 30/30 MP: 2/7
  2536 | D:2      | Noticed Natasha
  2540 | D:2      | Killed Natasha
  3585 | D:3      | Found a shimmering blue altar of Sif Muna.
  3797 | D:3      | Noticed a kobold brigand
  3798 | D:3      | Noticed a kobold brigand
  3802 | D:3      | Killed a kobold brigand
  3803 | D:3      | Reached XP level 5. HP: 35/35 MP: 3/10
  3816 | D:3      | Reached skill level 1 in Armour
  3816 | D:3      | Reached skill level 4 in Fire Magic
  3816 | D:3      | Gained mutation: You may rarely emit foul miasma when
                  | damaged in melee. [demonic ancestry]
  3816 | D:3      | Reached XP level 6. HP: 15/41 MP: 0/11
  4080 | D:4      | Found a transporter.
  4151 | D:4      | Noticed an ice beast
  4154 | D:4      | Noticed an ice beast
  4154 | D:4      | Noticed an ice beast
  4179 | D:4      | Slain by an ogre

Illustrated notes

Levels and vault maps discovered:
D:1:      ebering_hopf_link, layout_loops_corners,
          hellmonk_ecumenical_altar_lost_god
D:2:      layout_rooms, serial_shops, shop, skrybe_limestone_x,
          hangedman_decor_riveting, uniq_natasha
D:3:      cheibrodos_thug_alley, layout_loops_ring,
          nicolae_sif_muna_condensation
D:4:      gammafunk_cloud_chamber, layout_basic, uniq_ijyb

Skill      XL: |  1  2  3  4  5 |
---------------+----------------+-----
Fire Magic     | 3 4 |  4.2
Dodging        | 2 |  2.0
Conjurations   | 2 |  2.8
Spellcasting   | 3 |  3.8
Armour         | 1 |  1.1
Staves         | |  0.1
Stealth        | |  1.9

Action                     |  1- 3 |  4- 6 || total
---------------------------+-------+-------++-------
  Melee: Unarmed           |     1 |       ||     1
         Staff             |     2 |     8 ||    10
  Throw: Dart              |       |     1 ||     1
   Cast: Foxfire           |    95 |    47 ||   142
         Scorch            |     2 |    18 ||    20
 Armour: Leather armour    |     5 |    12 ||    17
  Dodge: Dodged            |    12 |    19 ||    31
         Form:             |     1 |       ||     1
         Dragon            |     1 |       ||     1

Table legend: (Time is in decaauts)
 A = Elapsed time spent in this place.
 B = Non-inter-level travel time spent in this place.
 C = Inter-level travel time spent in this place.
 D = Time resting spent in this place.
 E = Time spent auto-exploring this place.
 F = Levels seen in this place.
 G = Mean time per level.
                   A        B        C        D        E       F      G
               +--------+--------+--------+--------+--------+-----+--------+
         Total |   4192 |   4106 |     86 |      0 |   3610 |   4 | 1048.0 |
       Dungeon |   4192 |   4106 |     86 |      0 |   3610 |   4 | 1048.0 |
               +--------+--------+--------+--------+--------+-----+--------+

Top non-repeatable levels by time:
     D:1: 1682 daAuts
     D:3: 1262 daAuts
     D:2: 1099 daAuts
     D:4: 148 daAuts
